[Event "Slovakia Open 2022"]
[Site "Bratislava"]
[Date "2022.10.01"]
[Round "7.6"]
[White "Pasti, Aron"]
[Black "Roshka, Yevgeniy"]
[Result "0-1"]
[ECO "B32"]
[WhiteElo "2350"]
[BlackElo "2497"]
[Annotator "TA"]
[PlyCount "144"]
[EventDate "2022.09.30"]
[EventCountry "SVK"]
[SourceTitle "playchess.com"]
[Source "ChessBase"]
[SourceQuality "1"]
[TimeControl "2700+10"]

1. e4 c5 2. Nf3 Nc6 3. d4 cxd4 4. Nxd4 e5 5. Nb5 a6 6. Nd6+ Bxd6 7. Qxd6 Qe7 8. Qd1 {[%emt 0:00:02] 8.Qxe7+ injects fresh life into this line.} Nf6 9. Nc3 d6 10. Bg5 {[%emt 0:01:40] B32: Sicilian: Löwenthal and Kalashnikov Variations.} Be6 11. Nd5 Bxd5 12. Bxf6 {[%emt 0:00:08] White is slightly better.} Qxf6 13. Qxd5 O-O 14. c3 {[%emt 0:00:51] Against Nd4} (14. Bd3 {looks sharper.} Nd4 15. O-O b5 16. c3) 14... Ne7 15. Qd2 {[%emt 0:01:18] [#]} ({Not} 15. Qxb7 Rfb8 16. Qd7 Rxb2 $17) 15... Rac8 $146 ({Predecessor:} 15... Qe6 16. Be2 d5 17. exd5 Qxd5 18. Qxd5 Nxd5 19. Bf3 e4 20. Bxe4 Rfe8 21. O-O-O Nxc3 22. Bxh7+ Kxh7 23. bxc3 {1-0 (59) Podgorski,M (1810)-Jankowski,A (1692) Polanica Zdroj 2020}) 16. Bd3 Rfd8 17. O-O d5 18. exd5 Nxd5 {[%emt 0:02:33] aiming for ...Nf4.} 19. Qc2 g6 {[%emt 0:03:24] And now ...Nb4 would win.} 20. Be4 Qb6 21. Rad1 Nf6 22. b3 Rd4 23. cxd4 (23. Rxd4 $11 exd4 24. c4) 23... Rxc2 $17 24. Bxc2 exd4 25. Rfe1 Nd5 $1 26. Be4 (26. Bd3 $17) 26... Nc3 $19 27. Rd2 Qe6 $1 28. Rxd4 Qe5 $1 29. Rc4 b5 $1 30. f4 Ne2+ (30... Qf6 $1 $19 31. Rc8+ Kg7) 31. Rxe2 (31. Kh1 $15 Qxf4 32. Rc2) 31... Qa1+ $17 32. Kf2 bxc4 33. bxc4 {[%emt 0:00:02][%mdl 4096] Endgame KQ-KRB} Qd4+ 34. Kf1 Qxc4 {[%emt 0:00:23] Threatens to win with ...Qc1+.} 35. g3 a5 36. Bf3 a4 37. h4 Kg7 38. Kf2 h6 39. Kg2 Kf6 40. Kf2 g5 41. hxg5+ hxg5 42. fxg5+ Kxg5 43. Kg2 f5 44. Kf2 Qd4+ 45. Kg2 Qh8 46. Re1 Qg8 47. Re2 f4 48. Kf2 fxg3+ 49. Kxg3 Kf5+ 50. Kf2 a3 51. Bg2 Qh8 52. Bf3 Qh2+ 53. Bg2 Qh4+ 54. Kg1 Qd4+ 55. Kf1 Qc5 56. Bh1 $2 {[%emt 0:04:16][%mdl 8192] [#]} (56. Bf3 $17) 56... Kf4 $2 (56... Qc1+ $1 $19 {has better winning chances.} 57. Kg2 Qd1 58. Rf2+ Kg4) 57. Be4 Qc3 58. Kf2 Qg3+ 59. Kf1 Qh3+ 60. Bg2 Qd3 61. Be4 Qc3 ({Better is} 61... Qd7 $17 62. Bc2 Qb5) 62. Kg2 (62. Kf2 $11 {was the only way to keep the balance.}) 62... Qc5 63. Kf1 $1 Kg3 ({Black should play} 63... Qb6 64. Bc2 Kf3 65. Be4+ Kg3 66. Rg2+ Kf4) 64. Rg2+ Kh3 {[%emt 0:00:01] ( -> ...Qc4+)} 65. Re2 (65. Rd2 $142) 65... Qd4 66. Bf5+ $2 (66. Ke1 $17) 66... Kg3 {[%emt 0:00:00] Black mates.} 67. Rg2+ Kf3 68. Bg4+ {[%emt 0:00:07] [#]} Kf4 $1 69. Ke2 Qb2+ 70. Kf1 Qa1+ 71. Kf2 Qxa2+ 72. Kg1 {[%emt 0:00:01] [#]} Qxg2+ $3 {[%emt 0:00:02][%mdl 512] Weighted Error Value: White=0.21 (precise) /Black=0.17 (very precise)} 0-1

[Event "Slovakia Open 2022"]
[Site "Bratislava"]
[Date "2022.10.01"]
[Round "7.7"]
[White "Merva, Frantisek"]
[Black "Kraus, Tomas"]
[Result "0-1"]
[ECO "D02"]
[WhiteElo "1981"]
[BlackElo "2479"]
[Annotator "TA"]
[PlyCount "41"]
[EventDate "2022.09.30"]
[EventCountry "SVK"]
[SourceTitle "playchess.com"]
[Source "ChessBase"]
[SourceQuality "1"]
[TimeControl "2700+10"]

1. d4 d5 2. Nf3 Nf6 3. Bf4 c5 4. e3 Nc6 5. c3 Qb6 6. Qc1 Bf5 7. h3 {[%emt 0:00:39] D02: 1 d4 d5 2 Nf3 sidelines, including 2...Nf6 3 g3 and 2...Nf6 3 Bf4.} Rc8 8. Nbd2 cxd4 9. exd4 {[%emt 0:00:12] [#]} (9. Nxd4 $11 {was the only way to keep the balance.} Nxd4 10. exd4) 9... Nb4 $1 $17 {[%emt 0:01:48][%mdl 512] [#]} 10. Be2 $146 (10. g4 Nc2+) ({Predecessor:} 10. Ne5 Nc2+ 11. Kd1 Nxa1 12. Qxa1 h6 13. a4 a6 14. a5 Qd8 15. g4 Bd7 16. Be2 {0-1 (41) Siebrecht,S (2429)-Fridman,D (2619) Playchess.com INT 2020}) 10... Nc2+ 11. Kf1 Nxa1 {[%emt 0:00:09] Black is much more active. The white rooks are badly placed.} 12. Qxa1 e6 13. g3 Bd6 14. Be5 Bxe5 15. Nxe5 h6 16. Kg2 O-O 17. Re1 Rc7 18. h4 Ne4 19. Nxe4 Bxe4+ 20. Kg1 (20. f3 {might work better.} f6 21. Nd3) 20... f6 $19 21. Nd3 {[%emt 0:00:05] Weighted Error Value: White=0.35/Black=0.06 (flawless)} 0-1

[Event "Slovakia Open 2022"]
[Site "Bratislava"]
[Date "2022.10.01"]
[Round "7.8"]
[White "Nemsak, Denis"]
[Black "Yankelevich, Lev"]
[Result "0-1"]
[ECO "A21"]
[WhiteElo "2012"]
[BlackElo "2484"]
[Annotator "TA"]
[PlyCount "92"]
[EventDate "2022.09.30"]
[EventCountry "SVK"]
[SourceTitle "playchess.com"]
[Source "ChessBase"]
[SourceQuality "1"]
[TimeControl "2700+10"]

1. c4 e5 2. Nc3 Bb4 3. Nd5 a5 4. a3 Be7 5. Nf3 d6 6. d4 {[%emt 0:00:17] A21: English Opening: 1...e5 2 Nc3.} e4 7. Nd2 f5 8. e3 {[%emt 0:02:22] The position is equal.} Nf6 {[%emt 0:00:02] [#]} 9. Nf4 $146 ({Predecessor:} 9. Nxe7 Qxe7 10. Be2 O-O 11. O-O Nc6 12. Nb1 Nd8 13. Nc3 Ne6 14. Rb1 Bd7 15. b4 axb4 16. axb4 {1-0 (57) Brown,M (2524)-Kuybokarov,T (2513) Chess.com INT 2019}) 9... O-O 10. h4 c6 11. b3 d5 12. Qc2 Na6 13. Be2 Nc7 14. Bb2 Ne6 15. g3 Nxf4 16. gxf4 h5 (16... Be6 $17) 17. f3 exf3 18. Nxf3 Ng4 19. Kd2 Be6 20. Rhg1 (20. c5 $15) 20... Bxh4 $17 {[%emt 0:00:39] Black is more active.} 21. Ne5 (21. Nxh4 $17 {was necessary.} Qxh4 22. Rh1) 21... Bf2 $19 22. Nxg4 (22. Bxg4 fxg4 23. Rg2) 22... Bxg1 $2 (22... hxg4 $2 23. Rg2 Qh4 24. Rf1 $19) (22... fxg4 $19 {has better winning chances.} 23. Rg2 Qh4) 23. Ne5 $1 $17 Bf2 {[%emt 0:00:10][%cal Oa5a4] Hoping for ...a4!} 24. Rh1 {[%emt 0:00:06] This move loses the game for White.} (24. Rf1 $17 Qh4 25. Bf3) 24... h4 $19 25. Bh5 (25. c5 {might work better.}) 25... g5 26. Ke2 $2 (26. Nf3) 26... Bg3 27. Bc1 g4 $2 (27... gxf4 28. exf4 dxc4 29. bxc4 Qxd4) 28. Bxg4 {[%emt 0:00:05][%cal Oc4c5] [#]} a4 $1 {[%emt 0:00:09] aiming for ...axb3.} (28... fxg4 $2 29. Qg6+ Kh8 30. Qh6+ (30. Qxe6 Qf6 $16) 30... Kg8 31. Qxe6+ Kh8 32. Qh6+ Kg8 33. Qg6+ Kh8 34. Qxg4 $18) ({And not} 28... dxc4 29. bxc4 Rc8 30. Bf3 $17) 29. Bf3 Qb6 30. c5 (30. b4 $142) 30... Qxb3 ({Wrong is} 30... axb3 $2 31. Qc3 Qb5+ 32. Kd2) 31. Qxb3 axb3 32. Kd2 Kg7 {[%emt 0:00:51] Against Ng6} 33. Kc3 Rh8 34. Rh3 Be1+ 35. Kxb3 Kf6 36. Rh1 Ba5 {[%emt 0:00:04] Strongly threatening ...h3.} 37. Nd3 $2 (37. Kc2) 37... h3 {[%emt 0:00:33] Black is clearly winning.} 38. Rh2 Rag8 39. Nf2 Rg1 40. Kc2 Rg3 41. Bh1 Bf7 {[%emt 0:00:36] [#] And now ...Bh5 would win.} 42. Kd3 Bh5 43. Bb2 Bg4 44. Bc1 Be1 {[%emt 0:00:11] ...Bxf2 is the strong threat.} 45. Nxg4+ fxg4 46. Rb2 Rg1 {[%emt 0:00:03] Weighted Error Value: White=0.78/Black=0.31} 0-1

[Event "Slovakia Open 2022"]
[Site "Bratislava"]
[Date "2022.10.01"]
[Round "7.9"]
[White "Vadila, Ondrej"]
[Black "Kukelko, Alexey"]
[Result "0-1"]
[ECO "B62"]
[WhiteElo "2178"]
[BlackElo "2280"]
[Annotator "TA"]
[PlyCount "52"]
[EventDate "2022.09.30"]
[EventCountry "SVK"]
[SourceTitle "playchess.com"]
[Source "ChessBase"]
[SourceQuality "1"]
[TimeControl "2700+10"]

1. e4 c5 2. Nf3 d6 3. d4 Nf6 4. Nc3 cxd4 5. Nxd4 Nc6 6. Bg5 e6 7. f4 Be7 8. Qd3 {[%emt 0:01:18] B62: Sicilian: Richter-Rauzer: 6...e6: Unusual White 7th moves.} a6 9. Be2 Bd7 10. O-O-O {[%emt 0:01:27] The position is equal.} Rc8 {[%emt 0:03:53] is the legacy move (10...h6).} 11. Kb1 b5 12. Bf3 {[%emt 0:04:01] [#]} b4 $146 {[%emt 0:05:34] Hoping for ...Nxd4.} ({Predecessor:} 12... Nxd4 13. Qxd4 Bc6 14. Rhf1 O-O 15. e5 dxe5 16. Qxd8 Rfxd8 17. Rxd8+ Bxd8 18. Bxc6 Rxc6 19. fxe5 {1-0 (51) Spyropoulos,N (2403)-Luo,T (2124) Chess.com INT 2020}) 13. Nce2 Qc7 14. Nxc6 (14. Bxf6 $5 gxf6 15. Nxc6 (15. Qxa6 Nxd4 16. Nxd4 e5 $11) 15... Qxc6 16. f5 $14) 14... Bxc6 15. e5 (15. Nd4 $11 Bb7 16. Bh4) 15... dxe5 $15 {[%emt 0:06:12] And now ...e4 would win.} 16. Bxc6+ Qxc6 17. fxe5 Nd5 18. Bxe7 Nxe7 19. Nd4 Qc4 (19... Qb7 $17) 20. Qg3 (20. a3 $11 {remains equal.}) 20... O-O $17 21. Rd2 ({White should play} 21. Qd3) 21... Rfd8 22. Rhd1 $2 {[%emt 0:00:58][%mdl 8192] [#] This move loses the game for White.} (22. Qf2 $17) 22... Rxd4 $1 $19 {[%emt 0:00:25][%mdl 512] Black is clearly winning.} 23. b3 (23. Qe1 Rd5) 23... Rxd2 24. bxc4 Rxd1+ 25. Kb2 Rxc4 {[%emt 0:00:42] ...Nd5 is the strong threat.} 26. Qf3 Rd5 {[%emt 0:00:16] Weighted Error Value: White=0.75/Black=0.09 (flawless)} 0-1

[Event "Slovakia Open 2022"]
[Site "Bratislava"]
[Date "2022.10.01"]
[Round "7.10"]
[White "Slovak, Kilian"]
[Black "Panko, Radoslav"]
[Result "1-0"]
[ECO "C14"]
[WhiteElo "2278"]
[BlackElo "1996"]
[Annotator "TA"]
[PlyCount "56"]
[EventDate "2022.09.30"]
[EventCountry "SVK"]
[SourceTitle "playchess.com"]
[Source "ChessBase"]
[SourceQuality "1"]
[TimeControl "2700+10"]

1. e4 e6 2. d4 d5 3. Nc3 Nf6 4. Bg5 Be7 5. e5 Nfd7 6. h4 O-O (6... h6 $5 7. Be3 c5 $11) 7. Bxe7 {[%emt 0:02:44] C14: French: Classical System: 4 Bg5 Be7 main line.} ({Better is} 7. Qg4 $1 $14 f5 8. Bxe7 Qxe7 9. Qg5 Qxg5 10. hxg5) 7... Qxe7 $11 8. f4 c5 ({Much weaker is} 8... Qb4 9. a3 Qe7 10. Nf3 $14) 9. Nf3 {[%emt 0:00:30] Black is slightly better.} Nc6 {[%emt 0:00:16] next ...cxd4 is good for Black.} 10. Qd2 f6 11. Ne2 {[%emt 0:00:31] [#]} cxd4 $1 12. Nexd4 fxe5 13. Nxc6 bxc6 14. fxe5 {[%emt 0:00:25] [#]} Rb8 $146 ({Predecessor:} 14... Rxf3 15. gxf3 Nxe5 16. Be2 Ba6 17. O-O-O Qb7 18. f4 Rb8 19. b3 Nf7 20. Rhg1 Bxe2 21. Qxe2 {1-0 (42) Lewandowski,R (2181)-Nguyen,P (2269) Warsaw 2008}) 15. O-O-O Qb4 16. c3 Qf4 ({Black should play} 16... Qa5 $17 17. Kb1 Ba6) 17. Qxf4 Rxf4 18. Rd4 Rf8 19. Bd3 Nb6 20. Rg4 c5 21. Rh3 Rb7 22. Rhg3 Re7 23. h5 Bd7 24. Ng5 (24. h6 $5 g6 25. b3 $11) 24... h6 25. Nh7 $36 {[%emt 0:00:01][%mdl 2048] White has some pressure.} Rf5 26. Nf6+ $1 $18 Kh8 27. Rg6 (27. Nxd7 $18 {and the rest is easy.} Nxd7 28. Bxf5 exf5 29. Ra4 Nxe5 30. Re3) 27... Rxe5 $2 {[%emt 0:01:52][%mdl 8192] [#]} (27... Rg5 $16) 28. Rxh6+ $3 {[%emt 0:00:03][%mdl 576] Back Rank} gxh6 {[%emt 0:00:01] Weighted Error Value: White=0.23 (precise) /Black=0.60} 1-0

[Event "Slovakia Open 2022"]
[Site "Bratislava"]
[Date "2022.10.01"]
[Round "7.11"]
[White "Nytra, Ondrej"]
[Black "Machata, Martin"]
[Result "1-0"]
[ECO "B70"]
[WhiteElo "2233"]
[BlackElo "2212"]
[Annotator "TA"]
[PlyCount "49"]
[EventDate "2022.09.30"]
[EventCountry "SVK"]
[SourceTitle "playchess.com"]
[Source "ChessBase"]
[SourceQuality "1"]
[TimeControl "2700+10"]

1. e4 c5 2. Nf3 g6 3. d4 cxd4 4. Nxd4 Nc6 5. Be2 Bg7 6. Nb3 Nf6 7. Nc3 O-O 8. O-O d6 9. Kh1 a5 10. a4 $1 Nb4 {[%emt 0:01:22] B70: Sicilian Dragon: 6 g3 and 6 Be2 (without a later Be3).} 11. Be3 Be6 12. Nd4 {[%emt 0:00:07] [#]} Rc8 $146 {[%emt 0:00:32] White is slightly better.} ({Predecessor:} 12... Bd7 13. f4 e5 14. Ndb5 Bc6 15. Bf3 exf4 16. Bxf4 d5 17. Bg5 dxe4 18. Qxd8 Rfxd8 {0-1 (45) Vivo,M-Pernisco,E (2235) Mendrisio 1988}) 13. f3 Bc4 14. Bxc4 Rxc4 15. Rf2 Qd7 16. Nb3 Ra8 17. Bb6 ({Better is} 17. Nb5 $14) 17... Nc6 18. Nb5 Ra6 19. Be3 {[%emt 0:02:40] White is more active.} Ne5 20. Rd2 Rxa4 21. Rxa4 Qxb5 22. Ra2 Nc4 23. Qe2 {[%emt 0:01:16] [#] And now Rd4 would win.} Qb4 $2 (23... Qc6 $16) 24. Rd4 $18 b5 25. Bd2 {[%emt 0:00:20] Weighted Error Value: White=0.08 (flawless) /Black=0.65} 1-0

[Event "Slovakia Open 2022"]
[Site "Bratislava"]
[Date "2022.10.01"]
[Round "7.12"]
[White "Klabis, Rokas"]
[Black "Babula, Matej"]
[Result "1-0"]
[ECO "B40"]
[WhiteElo "2396"]
[BlackElo "1864"]
[Annotator "TA"]
[PlyCount "63"]
[EventDate "2022.09.30"]
[EventCountry "SVK"]
[SourceTitle "playchess.com"]
[Source "ChessBase"]
[SourceQuality "1"]
[TimeControl "2700+10"]

1. e4 c5 2. Nf3 e6 3. d3 d5 4. Nbd2 d4 5. a4 Nc6 6. Nc4 {[%emt 0:00:02] [#] B40: Sicilian: 2...e6, Unusual lines.} Bd6 $146 ({Predecessor:} 6... Nf6 7. g3 Qc7 8. Bg2 Bd6 9. O-O h6 10. Qe2 e5 11. Nh4 O-O 12. h3 Be6 {1-0 (26) Mataigne,J (1900)-Hucault,C (1612) Europe Echecs INT 2020}) 7. e5 Bc7 8. Qe2 {[%emt 0:00:48] The position is equal.} Nge7 9. g3 b6 10. Bg2 Bb7 11. O-O O-O 12. h4 a6 13. h5 h6 $1 14. g4 b5 15. Na3 (15. Ncd2 $11) 15... Nb8 16. Bf4 Bc6 17. Bg3 Nd5 18. Nb1 Nd7 19. Nbd2 N7b6 20. axb5 axb5 21. Ne4 Na4 {[%emt 0:02:19] [#]} (21... Rxa1 $11 {remains equal.} 22. Rxa1 Nd7) 22. g5 $1 $16 {[%emt 0:02:17] Hoping for gxh6.} Nxb2 $2 {[%emt 0:01:22] A mistake that costs the game.} (22... Kh8 $16 {was necessary.}) 23. gxh6 $18 gxh6 24. Nh2 ({Weaker is} 24. Rxa8 Qxa8 25. Nf6+ (25. Qd2 Kh7 $11) 25... Nxf6 26. exf6 Kh7 27. Bxc7 Na4 $14) 24... Kh8 $2 (24... Rxa1 25. Rxa1 Na4 26. Nf6+ Nxf6) 25. Qd2 Kg7 26. Ng4 Rh8 27. Nef6 {[%emt 0:00:21] aiming for Bxd5.} Qe7 (27... Ba5 $142 28. Qc1 Na4 29. Nxh6 Kf8) 28. Bh4 (28. Bxd5 $142 Nd1 29. Rxa8 Bxa8 30. Bxa8) 28... Qf8 29. Nxd5 {[%emt 0:00:13][%mdl 64] [#] Remove Defender} Bxd5 30. Bf6+ Kh7 31. Rxa8 {[%emt 0:00:03][%mdl 64] Deflection} Qxa8 32. Qxh6+ {[%emt 0:00:03] Weighted Error Value: White=0.07 (flawless) /Black=0.62} 1-0

[Event "Slovakia Open 2022"]
[Site "Bratislava"]
[Date "2022.10.01"]
[Round "7.13"]
[White "Novosadova, Kristyna"]
[Black "Stevik, Patrik"]
[Result "0-1"]
[ECO "B06"]
[WhiteElo "2151"]
[BlackElo "2148"]
[Annotator "TA"]
[PlyCount "92"]
[EventDate "2022.09.30"]
[EventCountry "SVK"]
[SourceTitle "playchess.com"]
[Source "ChessBase"]
[SourceQuality "1"]
[TimeControl "2700+10"]

1. e4 g6 2. d4 Bg7 3. Nf3 d6 4. Nc3 a6 5. Bc4 e6 6. Bg5 {[%emt 0:00:48] B06: Modern Defence.} Ne7 7. Qd2 b5 8. Bd3 {[%emt 0:00:47] [#] White is slightly better.} c5 $146 ({Predecessor:} 8... h6 9. Be3 Nd7 10. a4 b4 11. Na2 c5 12. c3 bxc3 13. bxc3 cxd4 14. cxd4 Nf6 {0-1 (41) Zelenskaya,A (1739)-Mironenko,G (1975) Bryansk 2019}) 9. dxc5 dxc5 {[%emt 0:00:18] [#]} 10. e5 ({White should play} 10. Bh6 $1 $16 O-O 11. Qe3) 10... Bb7 $14 11. Ne4 Bxe4 12. Bxe4 Qxd2+ 13. Bxd2 {[%emt 0:03:16] This bishop pair is nice.} Ra7 14. O-O-O (14. a4 $5 b4 15. O-O-O $14) 14... O-O 15. Bf4 Nbc6 (15... Nd7 $11) 16. Rd6 Nb4 17. c3 Nbd5 18. Bg5 Rc8 19. Bxe7 Nxe7 20. Rhd1 $36 {[%emt 0:00:18][%mdl 2048] White is in control.} Bh6+ 21. Kb1 Rcc7 {[%emt 0:02:07] Prevents Rd7.} 22. Rd8+ Kg7 23. g3 a5 24. h4 f5 (24... Rc8 $16 {was called for.} 25. R1d7 Rxd7 26. Rxd7 Kf8) 25. exf6+ $18 Kxf6 26. Nh2 (26. g4 $18 {is more deadly.} Bg7 27. R1d6) 26... Bg7 $16 27. R1d3 Nf5 28. Bxf5 (28. Nf3 $16) 28... gxf5 29. f4 c4 30. Rd1 b4 31. Nf3 bxc3 32. bxc3 Rab7+ 33. Kc2 h6 34. Ne5 Ke7 {[%emt 0:00:55] Inhibits Re8+.} 35. Ng6+ Kf7 36. h5 Bf6 37. Rf8+ Kg7 38. Re1 Rb6 {[%emt 0:01:38] ...Rcb7 is the strong threat.} 39. Ra8 $2 (39. Re8 $11 {and White has nothing to worry.} Rcb7 40. R1xe6 Rb2+ 41. Kc1) 39... Rcb7 $19 {[%emt 0:00:37] And now ...Rb2+ would win.} 40. Kd2 Rd6+ $2 (40... Rb2+ $19 41. Ke3 Bxc3) 41. Ke2 $2 (41. Kc2 $15) 41... Bxc3 {[%emt 0:00:28] ( -> ...Rb2+)} 42. Rc1 Rd2+ 43. Kf1 {[%emt 0:00:15] [#]} Bd4 (43... Rbb2 $142 $1 44. Ra7+ Kf6 45. Rd7 Rxd7 46. g4 fxg4 47. Ne5 Bxe5 48. fxe5+ Kg7 49. Ke1 g3 50. Kf1 Rdd2 51. Kg1 c3 52. a4 c2 53. Kf1 Rb1 54. Ke1 Rf2 55. Rxb1 cxb1=Q#) 44. Re8 Rh2 (44... Rbb2 $142 45. Re7+ Kf6 46. Ne5 Kxe7 47. Nc6+ Kf6 48. Nxd4 Rxd4 49. Kg1 Rdd2 50. Kf1 c3 51. g4 fxg4 52. a3 c2 53. Ke1 Rh2 54. Kf1 Rb1 55. Kg1 Rd2 56. Rf1 Rxf1+ 57. Kxf1 c1=Q#) 45. Rxe6 Rh1+ 46. Kg2 Rxc1 {[%emt 0:00:05] Quite a comeback for Black.  Weighted Error Value: White=0.70/Black=0.43} 0-1

[Event "Slovakia Open 2022"]
[Site "Bratislava"]
[Date "2022.10.01"]
[Round "7.14"]
[White "Lecky, Juraj"]
[Black "Sobek, Michal"]
[Result "1-0"]
[ECO "A45"]
[WhiteElo "2070"]
[BlackElo "2156"]
[Annotator "TA"]
[PlyCount "43"]
[EventDate "2022.09.30"]
[EventCountry "SVK"]
[SourceTitle "playchess.com"]
[Source "ChessBase"]
[SourceQuality "1"]
[TimeControl "2700+10"]

1. d4 Nf6 2. Bg5 e6 3. e4 c5 4. d5 h6 5. Bxf6 Qxf6 6. Nc3 {[%emt 0:00:03] A45: Trompowsky Attack.} a6 7. a4 {[%emt 0:00:55] Prevents b5. was the old line (7.Nf3).} b6 8. Nf3 {[%emt 0:00:08] White is slightly better.} d6 (8... e5 $14) 9. dxe6 {[%emt 0:02:18] [#]} fxe6 $146 ({Predecessor:} 9... Bxe6 10. Nd2 Nc6 11. Bc4 Nb4 12. O-O g6 13. Re1 Bg7 14. Bxe6 fxe6 15. e5 dxe5 {1-0 (42) Ivanisevic,I (2595)-Dragojlovic,A (2432) Zlatibor 2007}) 10. Bc4 (10. e5 $1 $16 dxe5 11. Ne4) 10... Nd7 11. Qe2 (11. O-O $16) 11... Ne5 (11... Bb7 $14) 12. Nxe5 $16 dxe5 13. O-O Be7 {[%emt 0:00:26] [#]} (13... Bd6 $16 {is a better defense.} 14. Rad1 Bc7) 14. f4 $1 $18 {[%emt 0:05:05][%cal Of4f5] And now f5! would win.} exf4 15. e5 Qg5 16. h4 (16. Qe4 $6 Rb8) 16... Qg3 {[%emt 0:04:06] [#]} (16... Qxh4 {is more resistant.} 17. Qe4 Ra7 18. Qc6+ (18. Qxf4 Qxf4 19. Rxf4 Bg5 $17) (18. Rxf4 Qg5 $18) (18. Qg6+ Kd8 $18) 18... Bd7 19. Qxb6 f3 20. Qxa7 Qd4+ 21. Rf2 Bh4) 17. Rf3 $1 Qxh4 18. Qe4 $1 {[%emt 0:00:05][%csl LRa8,LRf4] Active counter play!} Rb8 (18... Ra7 $142 19. Qc6+ Kf7) 19. Rxf4 Qh5 {[%emt 0:01:51] [#]} 20. Bxa6 $1 Bg5 (20... Bd7 21. Be2) 21. Be2 Bb7 22. Bxh5+ {[%emt 0:00:02] Weighted Error Value: White=0.09 (flawless) /Black=1.13} 1-0

[Event "Slovakia Open 2022"]
[Site "Bratislava"]
[Date "2022.10.01"]
[Round "7.15"]
[White "Hnatyshyn, Anastasiia"]
[Black "Mikulas, Dusan"]
[Result "1-0"]
[ECO "B67"]
[WhiteElo "2087"]
[BlackElo "2047"]
[Annotator "TA"]
[PlyCount "107"]
[EventDate "2022.09.30"]
[EventCountry "SVK"]
[SourceTitle "playchess.com"]
[Source "ChessBase"]
[SourceQuality "1"]
[TimeControl "2700+10"]

1. e4 c5 2. Nf3 d6 3. d4 cxd4 4. Nxd4 Nf6 5. Nc3 Nc6 6. Bg5 e6 7. Qd2 a6 8. O-O-O Bd7 9. f3 Rc8 10. Kb1 Be7 {[%emt 0:01:28] B67: Sicilian: Richter-Rauzer: 7...a6 8 0-0-0 Bd7, lines without 9 f4 Be7.} 11. g4 b5 12. Be3 Nxd4 {[%emt 0:05:14] [#] White is slightly better.} 13. Bxd4 $146 ({Predecessor:} 13. Qxd4 O-O 14. g5 Nh5 15. f4 Qa5 16. a3 Rfd8 17. Qd2 g6 18. Nd5 Qxd2 19. Nxe7+ {1-0 (43) Oparin,G (2504)-Usmanov,V (2377) Kaliningrad 2013}) 13... b4 14. Ne2 {[%emt 0:00:32][%cal Bc3e2,Be2c1,Bc1b3,Bb3a5][%mdl 32] White is more active.} e5 15. Be3 Qa5 16. g5 Be6 17. Nc1 Nd7 18. Nb3 Qa4 19. h4 Nc5 20. Bh3 Qc6 21. Bxe6 (21. Nxc5 $16 dxc5 22. Qh2) 21... Nxe6 $14 22. Rh2 a5 (22... Qc4 $14) 23. Nxa5 $18 Qa4 24. Nb3 Ra8 25. Nc1 O-O 26. h5 Rfc8 27. b3 (27. Rg2 $18) 27... Qa3 {[%emt 0:02:10] [#]} (27... Qa6 $1 $14) 28. g6 $1 $16 Nd4 $2 (28... Nc7 $16 {is a better chance.}) 29. Bxd4 exd4 30. gxf7+ Kxf7 31. Qf4+ Bf6 32. Qxd6 d3 {[%emt 0:03:44][%csl Gf6][%cal Ra3b2] [#]} 33. e5 dxc2+ 34. Rxc2 {[%emt 0:00:13] Chess con chili.} Rxc2 35. Kxc2 Be7 36. Qd5+ Kf8 37. Qe6 {[%emt 0:01:49] Inhibits Rc8+.} Qa7 {[%emt 0:01:09] Against Rd4} 38. Kb1 Qc5 39. Qd5 ({Don't play} 39. Rd7 Rc8 40. Qf5+ (40. Ne2 Qc2+ 41. Ka1 Re8 $18) 40... Ke8) 39... Qa7 (39... Qxd5 40. Rxd5 Kf7) 40. Rd4 $18 Rd8 (40... Bg5 $142 41. a4 g6 42. hxg6 hxg6) 41. Rf4+ Ke8 42. Qf7+ Kd7 43. e6+ Kc8 44. Rxb4 Rf8 45. Rc4+ Kb8 46. Qxg7 {[%emt 0:00:08] And now Qe5+ would win.} Rd8 47. Qxh7 {[%emt 0:00:23] aiming for h6.} Qa3 48. Qc2 {[%emt 0:00:25] Threatens to win with Qf5.} Qa5 49. Qe4 {[%emt 0:00:09] Hoping for h6.} Rd6 50. Ra4 Qc5 51. Qa8+ {[%emt 0:00:03] White mates.} Kc7 52. Ra7+ Qxa7 53. Qxa7+ Kd8 54. Qb8# {[%emt 0:00:01] Weighted Error Value: White=0.50/Black=0.61} 1-0